 Dungeon Crawl Stone Soup version 0.21-a0-111-g52d2817 (webtiles) character file.

780 Gorglomux the Skirmisher (level 7, -3/62 HPs)
             Began as a Hill Orc Arcane Marksman on July 11, 2017.
             Slain by Phong's ghost (4 damage)
             ... on level 6 of the Dungeon.
             The game lasted 00:12:51 (6312 turns).

Gorglomux the Skirmisher (Hill Orc Arcane Marksman) Turns: 6312, Time: 00:12:52

Health: -3/62      AC: 10    Str: 15    XL:     7   Next: 85%
Magic:  8/8        EV: 11    Int: 13    God:
Gold:   385        SH:  0    Dex: 11    Spells: 7/8 levels left

rFire    . . .     SeeInvis .   a - +1 dagger (drain)
rCold    . . .     Gourm    .   (no shield)
rNeg     . . .     Faith    .   S - +0 ring mail
rPois    .         Spirit   .   D - +1 hat
rElec    .         Reflect  .   (no cloak)
rCorr    .         Harm     .   P - +2 pair of gloves
MR       .....                  (no boots)
Stlth    ..........             (no amulet)
HPRegen  0.20/turn              I - ring of loudness
MPRegen  0.11/turn              y - +2 ring of slaying

@: no status effects
A: no striking features
a: no special abilities


You were on level 6 of the Dungeon.
You were very hungry.

You visited 1 branch of the dungeon, and saw 6 of its levels.

You collected 385 gold pieces.

Inventory:

Hand Weapons
 a - a +1 dagger of draining (weapon)
Missiles
 c - 4 javelins
 G - 8 tomahawks
 X - 160 stones (quivered)
 Z - 2 throwing nets
Armour
 D - a +1 hat (worn)
 P - a +2 pair of gloves (worn)
 S - a +0 ring mail (worn)
Jewellery
 y - a +2 ring of slaying (right hand)
 I - a ring of loudness (left hand)
Wands
 C - a wand of random effects (0/48)
Scrolls
 H - a scroll of enchant armour
 M - a scroll of amnesia {unknown}
 N - 2 scrolls of immolation
 O - a scroll of enchant weapon {unknown}
 R - a scroll of identify
 T - 3 scrolls of teleportation
 U - a scroll of magic mapping {unknown}
 W - a scroll of remove curse
Potions
 E - a potion of brilliance {unknown}
 F - 2 potions of cancellation
 J - a potion of heal wounds
 Q - 4 potions of curing
 Y - a potion of berserk rage {unknown}
Books
 b - a book of Debilitation

   Spells                             Type                      Level
   a - Corona                         Hexes                        1
   b - Slow                           Hexes                        2
   c - Inner Flame                    Hexes/Fire                   3
   d - Portal Projectile              Hexes/Translocation          3
   e - Cause Fear                     Hexes                        4
   f - Leda's Liquefaction            Hexes/Earth                  4
Comestibles
 f - 5 bread rations
 z - 3 meat rations
 K - 4 fruits
 V - a royal jelly


   Skills:
 + Level 5.8 Fighting
 + Level 4.5 Throwing
 + Level 5.4 Armour
 - Level 1.5 Dodging
 - Level 1.0 Spellcasting
 - Level 3.0 Hexes


You had 7 spell levels left.
You knew the following spells:

 Your Spells              Type           Power        Failure   Level  Hunger
a - Corona                Hex            #......      16%         1    ##.....


Dungeon Overview and Level Annotations

Branches:
Dungeon (6/15)
 Temple: D:4-7

Altars:
Fedhas

Shops:
D:4 (

Annotations:
D:6 Phong's ghost, novice FoWn


Message History

* * * LOW HITPOINT WARNING * * *
You hit Phong's ghost but do no damage.
Phong's ghost is moderately damaged.
Phong's ghost hits you.
* * * LOW HITPOINT WARNING * * *
You hit Phong's ghost but do no damage.
Phong's ghost is moderately damaged.
Phong's ghost hits you.
* * * LOW HITPOINT WARNING * * *
You hit Phong's ghost.
Phong's ghost is moderately damaged.
Phong's ghost closely misses you.
You hit Phong's ghost.
Phong's ghost is moderately damaged.
Phong's ghost hits you.
* * * LOW HITPOINT WARNING * * *
You hit Phong's ghost but do no damage.
Phong's ghost is moderately damaged.
Phong's ghost hits you.
You die...

#.# ####..# #.# #..# #######.#
#..# ### #.......# ### #..#
##.###.......# ##.######..#
####...##.......####.#(##....W#
..#.....#...........###.#.###.#
................W.#.# ##..#
#.### ..#....รท........@...#
##.# #.W..
..#....##.......##.## ##..#
#####
....#.#########)##..###...# #
..###.# #.##.#.#.#..# # .##
#.## #.##.##.##..# ## .# #..#
#.#..#..>...######. .# ##.#
#.#.##............. .# #.#
#.#.##.....#######. .# #.#
#.#.##.#.#.# ##


You could see Phong's ghost.

Vanquished Creatures
  2 ogres
  A centaur (D:5)
  A bullfrog (D:6)
  2 scorpions (D:5)
  An orc priest (D:6)
  2 orc wizards (D:4)
  Terence (D:2)
  An iguana (D:5)
  A worker ant (D:6)
  3 gnolls (D:6)
  7 adders
  An adder skeleton (D:6)
  A worm (D:3)
  3 dart slugs
  5 leopard geckos
  12 orcs
  15 bats
  2 giant cockroaches
  10 goblins
  7 hobgoblins
  10 jackals
  2 quokkas
  6 frilled lizards
  5 kobolds
  A quokka skeleton (D:5)
  4 rats (D:1)
  A fungus (D:3)
107 creatures vanquished.

Notes
Turn   | Place    | Note
-------+----------+-------------------------------------------
     0 | D:1      | Gorglomux the Hill Orc Arcane Marksman began the quest for the Orb.
     0 | D:1      | Reached XP level 1. HP: 16/16 MP: 2/2
   186 | D:1      | Reached XP level 2. HP: 18/23 MP: 1/3
   313 | D:1      | Reached skill level 1 in Armour
   903 | D:1      | Reached XP level 3. HP: 25/29 MP: 4/4
  1841 | D:2      | Found a blossoming altar of Fedhas.
  2076 | D:2      | Reached XP level 4. HP: 32/37 MP: 5/5
  2439 | D:2      | Noticed Terence
  2449 | D:2      | Killed Terence
  2871 | D:3      | Reached skill level 3 in Fighting
  3044 | D:3      | Reached XP level 5. HP: 25/45 MP: 6/6
  3353 | D:3      | Reached skill level 3 in Armour
  3355 | D:3      | Reached skill level 3 in Throwing
  3946 | D:4      | Found Geaqadgh's Antique Weapon Shoppe.
  4043 | D:4      | Noticed an ogre
  4059 | D:4      | Killed an ogre
  4059 | D:4      | Reached XP level 6. HP: 43/52 MP: 7/7
  4847 | D:5      | Entered Level 5 of the Dungeon
  5074 | D:5      | Reached XP level 7. HP: 46/60 MP: 8/8
  5711 | D:6      | Noticed Phong's ghost (novice FoWn)
  6311 | D:6      | HP: 1/62 [Phong's ghost (6)]
  6312 | D:6      | Slain by Phong's ghost

Vault maps used:
D:1:      mrwooster_arrival_statue_2, minmay_tiny_reverse_x
D:2:      minmay_kobold_bridge, first_bread, fedhas_altar_3, uniq_terence
D:3:      minmay_gold_behind_fungi
D:4:      serial_shops, shop
D:6:      temple_green

Skill      XL: |  1  2  3  4  5  6  7 |
---------------+----------------------+-----
Throwing       | 2 3 4 |  4.5
Armour         | 1 2 3 4 5 |  5.4
Fighting       | 2 3 4 5 |  5.8
Dodging        | |  1.5
Spellcasting   | |  1.0
Hexes          | |  3.0

Action                   |  1- 3 |  4- 6 |  7- 9 || total
-------------------------+-------+-------+-------++-------
Melee: Short sword       |    50 |    22 |       ||    72
       Unarmed           |     8 |       |       ||     8
       Dagger            |       |   174 |   102 ||   276
Throw: Javelin           |    16 |     2 |       ||    18
       Throwing net      |     1 |       |       ||     1
       Stone             |   171 |   235 |    20 ||   426
       Tomahawk          |       |     4 |    22 ||    26
 Cast: Corona            |     4 |     1 |       ||     5
Evoke: Wand              |       |       |     7 ||     7
  Use: Potion            |       |     1 |       ||     1
       Scroll            |       |     8 |       ||     8
  Eat: Chunk             |     4 |     9 |     3 ||    16
Armor: Robe              |    12 |       |       ||    12
       Ring mail         |    57 |   119 |    37 ||   213
Dodge: Dodged            |   123 |   174 |    44 ||   341
